 Dungeon Crawl Stone Soup version 0.29.0-7-g18a832c13a (webtiles) character file.

Game seed: 473379050507330048

10883 snarfax the Grappler (level 11, -7/109 HPs)
             Began as a Troll Fighter on Aug 30, 2022.
             Was a High Priest of the Shining One.
             Mangled by a death yak (20 damage)
             ... on level 9 of the Dungeon.
             The game lasted 00:29:36 (9391 turns).

snarfax the Grappler (Troll Fighter)                Turns: 9391, Time: 00:29:37

Health: -7/109     AC: 11    Str: 26    XL:     11   Next: 42%
Magic:  10/10      EV: 11    Int:  6    God:    the Shining One [*****.]
Gold:   1162       SH: 10    Dex: 14    Spells: 10/10 levels left

rFire   . . .      SeeInvis .     - Unarmed
rCold   + + .      Faith    .   b - +0 kite shield
rNeg    + + .      Spirit   .   a - +0 robe
rPois   .          Reflect  .   (helmet restricted)
rElec   +          Harm     .   E - +2 cloak
rCorr   .          Rampage  .   (gloves unavailable)
Will    .....                   (boots unavailable)
Stlth   +.........              (no amulet)
HPRegen 1.08/turn               w - ring of Satuw {rElec rC++ AC+4 Dex+3}
MPRegen 0.12/turn               p - ring of flight

@: flying, glowing
A: large, unfitting armour, claws 3, regeneration 1, shaggy fur 1, tough skin 1
a: Renounce Religion, Divine Shield, Cleansing Flame, Summon Divine Warrior


You were on level 9 of the Dungeon.
You worshipped the Shining One.
The Shining One was extremely pleased with you.
You visited 1 branch of the dungeon, and saw 10 of its levels.
You also visited: Ossuary and Bailey.

You collected 1162 gold pieces.

Inventory:

Missiles
 d - 21 boomerangs (quivered)
Armour
 a - a +0 robe (worn)
 b - a +0 kite shield (worn)
 E - a +2 cloak (worn)
Jewellery
 k - a ring of resist corrosion
 l - a +6 ring of intelligence
 n - a ring of protection from fire
 p - a ring of flight (right claw)
 t - a +4 ring of protection
 w - the ring of Satuw (left claw) {rElec rC++ AC+4 Dex+3}
   (You took it off a kobold in a bailey)

   [ring of protection]

   AC:        It affects your AC (+4).
   Dex:       It affects your dexterity (+3).
   rC:        It greatly protects you from cold.
   rElec:     It insulates you from electricity.
Wands
 i - a wand of flame (31)
 o - a wand of quicksilver (11)
 y - a wand of digging (6)
 B - a wand of roots (8)
Scrolls
 e - a scroll of teleportation
 D - a scroll of silence
 F - 4 scrolls of enchant weapon
Potions
 c - 2 potions of brilliance
 g - 5 potions of mutation
 h - 2 potions of resistance
 j - 3 potions of curing
 m - 2 potions of magic
 q - 5 potions of heal wounds
 r - 3 potions of ambrosia
 s - 3 potions of haste
 u - a potion of invisibility {unknown}
 v - 7 potions of flight
 x - a potion of might
 z - 3 potions of attraction
 A - a potion of lignification
 C - a potion of experience {unknown}


   Skills:
 + Level 7.2 Fighting
 + Level 7.3 Dodging
 + Level 8.0 Shields
 * Level 11.8 Unarmed Combat


You had 10 spell levels left.
You didn't know any spells.
Your spell library contained the following spells:

 Spells                   Type           Power      Damage    Failure   Level
 Poisonous Vapours        Pois/Air       0%         N/A       83%         2
 Call Canine Familiar     Summ           0%         N/A       96%         3
 Portal Projectile        Hex/Tloc       0%         N/A       96%         3
 Tukima's Dance           Hex            0%         N/A       96%         3
 Corpse Rot               Necr/Pois/Air  0%         N/A       100%        4
 Leda's Liquefaction      Hex/Erth       0%         N/A       100%        4
 Passage of Golubria      Tloc           0%         N/A       100%        4
 Yara's Violent Unravell  Hex/Tmut       0%         3d3       100%        5


Dungeon Overview and Level Annotations

Branches:
Dungeon (10/15)            Temple (0/1) D:6         Ossuary (visited)
 Bailey (visited)
   Lair: D:8-11         Orc: D:9-12

Altars:
Ashenzari
Elyvilon
Hepliaklqana
Kikubaaqudgha
Makhleb
Nemelex Xobeh
Vehumet
Yredelemnul
The Shining One


Innate Abilities, Weirdness & Mutations

You are too large for most types of armour.
You have claws for hands.
Your natural rate of healing is unusually fast.
You are covered in fur. (AC +1)
You have tough skin. (AC +1)


Message History

You throw a boomerang. The boomerang hits the death yak.
The death yak is lightly wounded.
You mangle the death yak!!
The death yak is moderately wounded.
The death yak gores you.
You scratch the death yak but do no damage.
The death yak is moderately wounded.
The death yak gores you!
You scratch the death yak.
The death yak is heavily wounded.
The death yak gores you!!
You claw the death yak!
The death yak is heavily wounded.
The death yak closely misses you. You block the yak's attack.
The death yak attacks as you move away!
The death yak gores you but does no damage.
You completely miss the death yak.
The death yak is heavily wounded.
The death yak bellows!
The yak bellows!
The death yak gores you!!
You scratch the death yak.
The death yak is heavily wounded.
The death yak misses you. The yak gores you! The yak attacks as you move away!
The yak gores you but does no damage. The death yak attacks as you move away!
You block the death yak's attack. The yak attacks as you move away!
You block the yak's attack. The death yak attacks as you move away!
The death yak completely misses you. The death yak attacks as you move away!
The death yak gores you!!
* * * LOW HITPOINT WARNING * * *
The yak attacks as you move away! The yak closely misses you.
There is a stone staircase leading up here.
The death yak snorts and paws the ground.
The death yak gores you!!
* * * LOW HITPOINT WARNING * * *
You fly upwards.
There is a stone staircase leading down here.
As you read the scroll of fear, it crumbles to dust.
You assume a fearsome visage.
The yak looks frightened!
The death yak easily resists.
The death yak gores you!!
You die...

##.......# ##.... ##...####
###..... #.### #.#...>#
#...##### ##.##..##
####....#### #..###.#
#######....######...#.##
##..............#....#.#
##...........###.....##.###
#.......Y.@Y.# ####..###...
#...........## #####..#####
#...[.[.....# #[..##[.##
#....>......# ##.....#..#
#..........## #.........#
#..........# ##.........#
##...>.....# #..........###
#........## #.......<..##≈
#........# ##..........#≈≈


You could see a death yak and a yak (fleeing).

Vanquished Creatures
  An ogre mage (D:9)
  2 death yaks (D:9)
  A cyclops (D:10)
  An unseen horror (D:6)
  Psyche (D:9)
  A troll (D:10)
  A hornet (D:8)
  Prince Ribbit (D:5)
  Grinder (D:3)
  Sigmund (D:5)
  A shadow (D:9)
  8 yaks
  Eustachio (D:4)
  2 steam dragons
  15 two-headed ogre zombies (D:9)
  3 water moccasins
  8 orc warriors
  2 ice beasts
  A sky beast (D:7)
  3 black bears
  2 ogres
  A kobold brigand (D:8)
  3 bullfrogs
  A scorpion (D:6)
  A necrophage (D:4)
  3 water moccasin zombies (Ossuary)
  3 wights (D:9)
  2 howler monkeys
  2 electric eels (D:10)
  4 orc priests
  Crazy Yiuf (D:5)
  3 jellies
  A gnoll bouda (D:7)
  4 hounds
  Ijyb (D:5)
  4 iguanas
  13 orc wizards
  2 mummies (Ossuary)
  7 gnolls
  12 adders
  2 shadow imps
  3 white imps
  3 ufetubi
  4 adder zombies (Ossuary)
  2 worms
  10 dart slugs
  33 orcs
  7 endoplasms
  3 giant cockroaches
  17 goblins
  7 hobgoblins
  6 jackals
  22 kobolds
  5 quokkas
  8 ball pythons
  5 bats
  A frilled lizard (D:2)
  2 gnoll zombies (Ossuary)
  2 hobgoblin zombies (Ossuary)
  7 kobold zombies (Ossuary)
  2 orc zombies (Ossuary)
  8 rats
  A spectral kobold (D:1)
285 creatures vanquished.

Vanquished Creatures (others)
  An orc (D:9)
1 creature vanquished.

Grand Total: 286 creatures vanquished

Notes
Turn   | Place    | Note
-------+----------+-------------------------------------------
     0 | D:1      | snarfax the Troll Fighter began the quest for the Orb.
     0 | D:1      | Reached XP level 1. HP: 22/22 MP: 0/0
   251 | D:1      | Reached XP level 2. HP: 29/29 MP: 1/1
   304 | D:1      | Found a faded altar of an unknown god.
   824 | D:2      | Reached XP level 3. HP: 30/36 MP: 2/2
   845 | D:2      | Found a glowing golden altar of the Shining One.
   864 | D:2      | Reached skill level 3 in Unarmed Combat
   875 | D:2      | Became a worshipper of the Shining One
  1040 | D:2      | Identified the +1 scale mail of Comy {rPois Dex+2}
  1083 | D:2      | Reached XP level 4. HP: 44/44 MP: 3/3
  1748 | D:3      | Noticed Grinder
  1752 | D:3      | Paralysed by Grinder for 4 turns
  1781 | D:3      | Killed Grinder
  1782 | D:3      | Reached skill level 4 in Unarmed Combat
  1782 | D:3      | Reached XP level 5. HP: 35/53 MP: 4/4
  1782 | D:3      | Reached XP level 6. HP: 41/61 MP: 5/5
  1864 | D:3      | Identified the +2 scale mail of the World {Harm SInv}
  2360 | D:3      | Found an ancient bone altar of Kikubaaqudgha.
  2534 | D:4      | Reached skill level 5 in Unarmed Combat
  2596 | D:4      | Reached * piety under the Shining One
  2695 | D:4      | Reached XP level 7. HP: 56/67 MP: 6/6
  2888 | D:4      | Found a basalt altar of Yredelemnul.
  2912 | D:4      | Found a burning altar of Makhleb.
  2912 | D:4      | Noticed an Executioner
  3050 | D:4      | Noticed Eustachio
  3059 | D:4      | Killed Eustachio
  3203 | D:5      | Entered Level 5 of the Dungeon
  3360 | D:5      | Reached skill level 6 in Unarmed Combat
  3375 | D:5      | Noticed Prince Ribbit
  3385 | D:5      | Killed Prince Ribbit
  3386 | D:5      | Reached XP level 8. HP: 78/78 MP: 7/7
  3388 | D:5      | Found a sparkling altar of Nemelex Xobeh.
  3561 | D:5      | Noticed Sigmund
  3696 | D:5      | Killed Sigmund
  3697 | D:5      | Reached skill level 5 in Shields
  3712 | D:5      | Reached skill level 7 in Unarmed Combat
  3721 | D:5      | Reached ** piety under the Shining One
  3889 | D:5      | Noticed Ijyb
  3899 | D:5      | Killed Ijyb
  3953 | D:5      | Found a runed translucent door.
  3954 | D:5      | Noticed Crazy Yiuf
  3959 | D:5      | Killed Crazy Yiuf
  4130 | D:6      | Reached skill level 5 in Fighting
  4130 | D:6      | Reached skill level 5 in Dodging
  4130 | D:6      | Reached XP level 9. HP: 44/88 MP: 8/8
  4135 | D:5      | Reached skill level 8 in Unarmed Combat
  4236 | D:6      | Noticed an unseen horror
  4252 | D:6      | Killed an unseen horror
  4542 | D:6      | Found a staircase to the Ecumenical Temple.
  4657 | D:6      | Found a hazy altar of Hepliaklqana.
  4657 | D:6      | Found a white marble altar of Elyvilon.
  4659 | D:6      | Found a glowing golden altar of the Shining One.
  4659 | D:6      | Found a radiant altar of Vehumet.
  5245 | D:7      | Reached skill level 9 in Unarmed Combat
  5559 | D:7      | Found a broken altar of Ashenzari.
  5826 | D:8      | Reached XP level 10. HP: 98/98 MP: 9/9
  5919 | D:8      | Found a sand-covered staircase.
  5928 | Ossuary  | Entered an ossuary
  5964 | Ossuary  | Reached *** piety under the Shining One
  6509 | D:8      | Reached **** piety under the Shining One
  6771 | D:9      | Found a flagged portal.
  6787 | Bailey   | Entered a bailey
  7016 | Bailey   | Identified the ring of Satuw {rElec rC++ AC+4 Dex+3}
  7237 | D:9      | Reached skill level 10 in Unarmed Combat
  7753 | D:9      | Noticed an ogre mage
  7910 | D:9      | Killed an ogre mage
  7953 | D:9      | Reached skill level 11 in Unarmed Combat
  8072 | D:9      | Reached ***** piety under the Shining One
  8105 | D:9      | Reached XP level 11. HP: 105/107 MP: 10/10
  8529 | D:10     | Entered Level 10 of the Dungeon
  8724 | D:9      | Identified the +3 ring mail of Weirdness {rElec Int+4
                  | Dex-3}
  8750 | D:10     | Noticed a death yak
  8752 | D:10     | Noticed a death yak
  8780 | D:9      | Noticed Psyche
  8788 | D:9      | Killed Psyche
  8978 | D:10     | Noticed a death yak
  8979 | D:10     | Noticed a death yak
  8980 | D:10     | Noticed a death yak
  8981 | D:10     | Noticed a death yak
  8994 | D:9      | Killed a death yak
  9002 | D:9      | Killed a death yak
  9391 | D:9      | Mangled by a death yak

Illustrated notes

Levels and vault maps discovered:
D:1:      dpeg_arrival_water_fire, layout_basic,
          dreamdust_ecumenical_altar_drowned_temple
D:2:      layout_basic, basic_altar
D:3:      kennysheep_slugbush, layout_basic, kiku_gazebo_pond_becter,
          corexii_leaking_fountain, uniq_grinder
D:4:      layout_basic, makhleb_altar_promises_db, general_overflow_altar,
          uniq_eustachio
D:5:      layout_cave_pools, nemelex_dance_club_becter,
          chequers_serial_rivers_room_b, uniq_sigmund, uniq_ijyb,
          uniq_crazy_yiuf_cottage, uniq_prince_ribbit1
D:6:      layout_basic, chequers_temple_overflow_statue_of_worship,
          minmay_temple_entry_drinking_statues
D:7:      layout_rooms, mainiacjoe_overflow_catwalk
D:8:      layout_gridville, nicolae_ossuary_entry_monument
D:9:      lemuel_ogre_cave, layout_cave_pods, enter_bailey_3, uniq_psyche
D:10:     layout_gridville, dpeg_lair_monsters, lightli_minifort

Skill      XL: |  1  2  3  4  5  6  7  8  9 10 11 |
---------------+----------------------------------+-----
Shields        | 3 4 5 6 7 8 |  8.0
Unarmed Combat | 3 4 5 6 7 9 11 | 11.8
Fighting       | 3 4 5 6 7 |  7.2
Dodging        | 3 4 5 6 7 |  7.3

Action                   |  1- 3 |  4- 6 |  7- 9 | 10-12 || total
-------------------------+-------+-------+-------+-------++-------
Melee: Unarmed           |    75 |   130 |   245 |   326 ||   776
Throw: Boomerang         |       |       |     5 |    56 ||    61
  Use: Scroll            |       |     5 |     9 |     7 ||    21
       Potion            |       |     1 |       |       ||     1
Armor: Robe              |    35 |    25 |    46 |    83 ||   189
Dodge: Dodged            |    24 |    41 |    59 |   117 ||   241
Block: Kite shield       |    33 |    34 |    94 |   103 ||   264
